AoeStats
← Reinhardlunsen

Hill Fort

506262514Analyzed
4v4 RM · 19d ago on Sep 12, 2026· 57m 16s· 8 players
Game mode
Random Map
Map size
Large (8 player)
Population
200
Speed
Normal
Resources
Standard
Victory
Conquest
Starting age
Dark Age
Ending age
Imperial Age
RankedLock teamsTeams togetherTeam positionsShared explorationLock speedFull tech treeHidden civsTurbo modeCheats
Victory
Defeat
🇩🇪 Tatars · Germany
1548
+16
🇨🇳 Spanish · China
1489
+18
🇻🇳 Jurchens · Vietnam
1456
+19
🇨🇴 Burgundians · Colombia
1447
+19
🇬🇹 Teutons · Guatemala
1558
-19
🇧🇷 Dravidians · Brazil
1533
-18
🇨🇱 Persians · Chile
1524
-18
🇦🇷 Burmese · Argentina
1509
-17
DeepSleep
4:43 Loom
12:20 Feudal Age
13:21 Double-Bit Axe
16:05 Castle Age
13:51 Horse Collar
14:24 Stone Mining
14:54 Padded Archer Armor
15:03 Padded Archer Armor
15:22 Gold Mining
17:00 Bow Saw
17:55 Leather Archer Armor
22:07 Town Watch
25:32 Wheelbarrow
26:32 Stone Shaft Mining
32:05 Imperial Age
33:47 Ring Archer Armor
34:56 Elite Conquistador
35:58 Conscription
35:51 Bloodlines
35:42 Husbandry
36:43 Town Patrol
36:58 Hand Cart
37:05 Heavy Plow
47:50 Chemistry
48:57 Caravan
54:30 Two-Man Saw
56:27 Fletching
Sebastianquijanog
5:22 Double-Bit Axe
8:01 Horse Collar
9:52 Loom
11:42 Feudal Age
12:00 Loom
16:36 Castle Age
15:24 Bow Saw
16:52 Heavy Plow
20:54 Two-Man Saw
21:25 Crop Rotation
26:55 Scale Barding Armor
26:43 Gold Mining
28:05 Stone Mining
28:52 Gold Shaft Mining
27:53 Cavalier
31:51 Imperial Age
29:43 Chain Barding Armor
29:40 Husbandry
30:49 Stone Shaft Mining
30:00 Light Cavalry
31:38 Wheelbarrow
33:35 Plate Barding Armor
32:26 Paladin
33:42 Hand Cart
35:39 Hussar
35:43 Elite Coustillier
36:46 Conscription
36:35 Burgundian Vineyards
37:25 Pikeman
38:06 Squires
38:17 Forging
40:25 Chemistry
39:35 Fortified Wall
39:16 Halberdier
41:01 Iron Casting
40:26 Scale Mail Armor
41:51 Town Watch
43:08 Arson
43:39 Chain Mail Armor
44:25 Blast Furnace
44:27 Hoardings
43:24 Flemish Revolution
45:28 Plate Mail Armor
47:23 Caravan
47:27 Capped Ram
49:57 Ballistics
49:48 Masonry
49:30 Fletching
50:07 Bodkin Arrow
55:40 Bracer
56:12 Architecture
55:25 Treadmill Crane
Reinhardlunsen
10:44 Feudal Age
14:43 Castle Age
14:30 Fletching
14:33 Double-Bit Axe
17:07 Fletching
18:31 Wheelbarrow
19:03 Loom
20:14 Bodkin Arrow
21:02 Padded Archer Armor
25:46 Town Watch
27:30 Bow Saw
27:01 Horse Collar
28:39 Ballistics
32:30 Imperial Age
31:51 Gold Mining
33:02 Silk Armor
33:11 Bracer
34:13 Leather Archer Armor
34:38 Caravan
37:55 Chemistry
36:43 Heavy Cavalry Archer
38:37 Ring Archer Armor
42:25 Scale Mail Armor
42:36 Forging
41:47 Man-at-Arms
41:58 Pikeman
42:38 Squires
43:17 Halberdier
45:00 Iron Casting
45:34 Fortified Wall
46:00 Siege Engineers
47:07 Conscription
49:07 Timurid Siegecraft
49:14 Timurid Siegecraft
50:06 Blast Furnace
50:42 Masonry
55:18 Scale Barding Armor
55:26 Bloodlines
55:17 Husbandry
DALAT_M<O>NGKHAN
9:35 Feudal Age
14:01 Castle Age
13:40 Double-Bit Axe
14:10 Horse Collar
15:36 Loom
17:52 Bow Saw
17:35 Gold Mining
21:28 Heavy Plow
26:13 Wheelbarrow
29:58 Imperial Age
27:37 Scale Barding Armor
28:02 Forging
27:53 Stone Mining
28:53 Chain Barding Armor
29:10 Scale Mail Armor
29:45 Iron Casting
30:03 Gold Shaft Mining
29:56 Bloodlines
29:54 Husbandry
30:16 Elite Steppe Lancer
30:22 Elite Steppe Lancer
32:37 Plate Barding Armor
34:16 Blast Furnace
37:22 Hand Cart
39:37 Conscription
41:45 Caravan
41:52 Fletching
42:02 Padded Archer Armor
42:04 Light Cavalry
42:52 Hussar
50:35 Thunderclap Bombs
52:09 Crop Rotation
52:40 Two-Man Saw
51:27 Town Watch
53:45 Elite Iron Pagoda
Sogni
10:20 Feudal Age
14:29 Castle Age
13:48 Loom
15:18 Double-Bit Axe
18:58 Horse Collar
21:55 Wheelbarrow
21:37 Town Watch
22:45 Town Patrol
22:57 Fletching
24:59 Bow Saw
25:11 Hand Cart
26:22 Sanctity
26:48 Bodkin Arrow
28:10 Heavy Plow
32:21 Gold Mining
32:22 Stone Mining
35:24 Imperial Age
33:35 Bloodlines
33:31 Scale Barding Armor
34:22 Ballistics
34:37 Chain Barding Armor
34:28 Forging
36:40 Plate Barding Armor
36:41 Iron Casting
35:33 Cavalier
37:31 Iron Casting
37:31 Plate Barding Armor
40:43 Blast Furnace
39:16 Paladin
42:38 Siege Engineers
44:20 Caravan
44:52 Coinage
44:13 Capped Ram
47:04 Squires
46:50 Arson
46:26 Pikeman
49:26 Banking
49:43 Crop Rotation
48:54 Halberdier
50:14 Guilds
50:26 Scale Mail Armor
56:15 Conscription
56:33 Hoardings
PNLN | maromba_aoe
11:29 Feudal Age
16:18 Castle Age
14:37 Double-Bit Axe
17:14 Bow Saw
17:30 Horse Collar
20:37 Fishing Lines
21:32 Fletching
21:32 Loom
23:34 Wheelbarrow
22:52 Gillnets
23:06 Bodkin Arrow
28:24 Hand Cart
30:46 Padded Archer Armor
31:40 Padded Archer Armor
31:49 Thumb Ring
34:32 Imperial Age
32:35 Ballistics
32:06 Guard Tower
32:29 Town Watch
33:45 Horse Collar
33:57 Gold Mining
33:58 Stone Mining
35:15 Bracer
37:15 Chemistry
36:40 Leather Archer Armor
36:00 Elite Elephant Archer
36:36 Pikeman
37:16 Squires
37:17 Scale Mail Armor
37:27 Forging
37:43 Halberdier
39:01 Chain Mail Armor
41:18 Ring Archer Armor
41:22 Plate Mail Armor
41:27 Iron Casting
53:04 Caravan
53:49 Elite Skirmisher
55:54 Blast Furnace
letmebelieve
10:09 Feudal Age
15:50 Castle Age
14:36 Double-Bit Axe
17:14 Bow Saw
18:19 Loom
22:01 Horse Collar
24:25 Wheelbarrow
26:17 Hand Cart
31:29 Imperial Age
30:06 Fletching
30:36 Town Watch
31:12 Husbandry
31:22 Bloodlines
31:09 Gold Mining
31:25 Heavy Plow
32:11 Scale Barding Armor
32:18 Forging
31:49 Cavalier
33:14 Conscription
33:24 Chain Barding Armor
35:25 Light Cavalry
35:33 Savar
39:37 Plate Barding Armor
40:20 Light Cavalry
41:13 Elite Skirmisher
41:58 Thumb Ring
42:20 Caravan
42:30 Guilds
43:55 Iron Casting
44:21 Bodkin Arrow
44:47 Ballistics
45:28 Chemistry
45:42 Padded Archer Armor
47:14 Two-Man Saw
46:57 Leather Archer Armor
48:12 Gold Shaft Mining
47:28 Stone Mining
49:18 Hussar
51:07 Stone Shaft Mining
52:49 Ring Archer Armor
(GDL)Ultthor
10:25 Feudal Age
14:24 Castle Age
12:39 Horse Collar
15:12 Heavy Plow
22:35 Loom
23:28 Wheelbarrow
23:50 Town Watch
24:57 Hand Cart
27:29 Scale Barding Armor
27:38 Husbandry
27:50 Bloodlines
28:04 Gold Mining
31:17 Imperial Age
31:58 Chain Barding Armor
31:49 Forging
31:26 Elite Battle Elephant
33:01 Crop Rotation
34:41 Plate Barding Armor
34:42 Iron Casting
34:21 Howdah
35:42 Devotion
36:43 Conscription
38:06 Blast Furnace
43:19 Caravan
45:13 Light Cavalry
46:43 Fortified Wall
48:11 Hussar
49:05 Fletching
Connection lost

Rejoining the realm…

Still unreachable

The connection could not be restored.

Session expired

The server has moved on; the page needs a fresh start.